 Dungeon Crawl Stone Soup version 0.26-a0-812-g31a745ddcd (webtiles) character file.

Game seed: 17374851846075406705

11 kae the Ruffian (level 2, -2/23 HPs)
             Began as a Draconian Transmuter on Nov 24, 2020.
             Slain by a bullfrog (5 damage)
             ... on level 2 of the Dungeon.
             The game lasted 00:00:24 (1201 turns).

kae the Ruffian (Draconian Transmuter)              Turns: 1201, Time: 00:00:24

Health: -2/23      AC:  4    Str: 12    XL:     2   Next: 17%
Magic:  5/5        EV: 12    Int: 13    God:
Gold:   98         SH:  0    Dex: 11    Spells: 4/5 levels left

rFire    . . .     SeeInvis .     - Unarmed
rCold    . . .     Faith    .   (no shield)
rNeg     . . .     Spirit   .   (armour unavailable)
rPois    .         Reflect  .   (helmet restricted)
rElec    .         Harm     .   (no cloak)
rCorr    .         Rampage  .   (no gloves)
MR       .....                  (no boots)
Stlth    +.........             (no amulet)
HPRegen  0.07/turn              (no ring)
MPRegen  0.09/turn              (no ring)

@: no status effects
A: unfitting armour, cold-blooded, AC +4
a: no special abilities


You were on level 2 of the Dungeon.
You visited 1 branch of the dungeon, and saw 2 of its levels.

You collected 98 gold pieces.

Inventory:

Scrolls
 a - a scroll of blinking {unknown}
 c - a scroll of identify {unknown}
 e - a scroll of teleportation {unknown}
Potions
 b - a potion of cancellation {unknown}
 d - a potion of brilliance {unknown}


   Skills:
 + Level 1.3 Fighting
 + Level 1.9 Dodging
 * Level 3.2 Unarmed Combat
 + Level 2.0 Spellcasting
 * Level 2.3 Transmutations


You had 4 spell levels left.
You knew the following spells:

 Your Spells              Type           Power        Failure   Level
a - Beastly Appendage     Tmut           #.....       10%         1

Your spell library contained the following spells:

 Spells                   Type           Power        Failure   Level
 Wereblood                Tmut           #.......     16%         2
 Spider Form              Tmut/Pois      #.........   43%         3
 Ice Form                 Ice/Tmut       #.......     85%         4
 Blade Hands              Tmut           #.........   95%         5


Dungeon Overview and Level Annotations

Branches:
Dungeon (2/15)

Altars:


Innate Abilities, Weirdness & Mutations

Your plain brown scales are hard. (AC +4)
You cannot fit into any form of body armour.
You are cold-blooded and may be slowed by cold attacks.


Message History

You are too injured to fight recklessly!
You are too injured to fight recklessly!
You are too injured to fight recklessly!
You are too injured to fight recklessly!
You are too injured to fight recklessly!
You hit the bullfrog.
Your tail-slap misses the bullfrog.
The bullfrog is heavily wounded.
The bullfrog misses you.
You barely miss the bullfrog.
Your tail-slap misses the bullfrog.
The bullfrog is heavily wounded.
The bullfrog hits you!
* * * LOW HITPOINT WARNING * * *
The bullfrog barely misses you.
You hit the bullfrog.
The bullfrog is severely wounded.
The bullfrog closely misses you.
You barely miss the bullfrog.
The bullfrog is severely wounded.
The bullfrog hits you.
You die...

#########.#
#.†.@F....#
#.######### #.#
####### #.#
#...... #.#
#.##### #.# #.#
#.#############.#
#...............#
#################


You could see a bullfrog.

Vanquished Creatures
  A giant cockroach (D:1)
  A goblin (D:1)
  2 hobgoblins (D:1)
  3 kobolds (D:1)
  A bat (D:1)
  A frilled lizard (D:2)
  3 rats
12 creatures vanquished.

Notes
Turn   | Place    | Note
-------+----------+-------------------------------------------
     0 | D:1      | kae the Draconian Transmuter began the quest for the Orb.
     0 | D:1      | Reached XP level 1. HP: 16/16 MP: 3/3
   610 | D:1      | Reached XP level 2. HP: 23/23 MP: 3/5
  1190 | D:2      | Noticed a bullfrog
  1201 | D:2      | Slain by a bullfrog

Illustrated notes

Levels and vault maps discovered:
D:1:      psy_arrival_conway, layout_loops_corners
D:2:      layout_basic

Action                   || total
-------------------------++-------
Melee: Unarmed           ||    34
       Kick              ||     5
       Headbutt          ||     2
 Cast: Beastly Appendage ||    10
Armor: Skin              ||    15
Dodge: Dodged            ||    16

Table legend: (Time is in decaauts)
 A = Elapsed time spent in this place.
 B = Non-inter-level travel time spent in this place.
 C = Inter-level travel time spent in this place.
 D = Time resting spent in this place.
 E = Time spent auto-exploring this place.
 F = Levels seen in this place.
 G = Mean time per level.
                   A        B        C        D        E       F      G
               +--------+--------+--------+--------+--------+-----+--------+
         Total |   1202 |   1167 |     35 |      0 |   1069 |   2 |  601.0 |
       Dungeon |   1202 |   1167 |     35 |      0 |   1069 |   2 |  601.0 |
               +--------+--------+--------+--------+--------+-----+--------+

Top non-repeatable levels by time:
     D:1: 1094 daAuts
     D:2: 108 daAuts
